 Dungeon Crawl Stone Soup version 0.26-a0-639-g72c4674329 (webtiles) character file.

Game seed: 5130084659036159999

(classic levelgen) 667 EnegeticOcto the Chopper (level 7, 0/64 HPs)
             Began as a Deep Dwarf Fighter on Sept 23, 2020.
             Was an Initiate of Makhleb.
             Slain by a killer bee (6 damage)
             ... on level 5 of the Dungeon.
             The game lasted 00:01:01 (1179 turns).

EnegeticOcto the Chopper (Deep Dwarf Fighter)       Turns: 1179, Time: 00:01:01

Health: 0/64       AC:  0    Str: 22    XL:     7   Next: 31%
Magic:  4/4        EV:  7    Int:  8    God:    Makhleb [......]
Gold:   162        SH: 10    Dex: 12    Spells: 6/6 levels left

rFire    . . .     SeeInvis .   a - +0 war axe
rCold    . . .     Faith    .   c - +0 kite shield
rNeg     . . .     Spirit   .   b - +0 scale mail
rPois    .         Reflect  .   (no helmet)
rElec    .         Harm     .   (no cloak)
rCorr    .         Rampage  .   (no gloves)
MR       +....                  (no boots)
Stlth    ..........             (no amulet)
HPRegen  0.00/turn              (no ring)
MPRegen  0.09/turn              (no ring)

@: lethally poisoned (0 -> -58), corroded, non-regenerating
A: damage resistance, heal wounds, sense surroundings 1, no regeneration
a: Heal Wounds, Renounce Religion


You were on level 5 of the Dungeon.
You worshipped Makhleb.
Makhleb was noncommittal.
You visited 1 branch of the dungeon, and saw 5 of its levels.

You collected 162 gold pieces.

Inventory:

Hand Weapons
 a - a +0 war axe (weapon)
Armour
 b - a +0 scale mail (worn)
 c - a +0 kite shield (worn)
Scrolls
 e - a scroll of random uselessness {unknown}
 f - a scroll of magic mapping {unknown}
 g - 4 scrolls of identify {unknown}
 i - a scroll of amnesia {unknown}
 m - a scroll of teleportation {unknown}
 n - a scroll of enchant weapon {unknown}
Potions
 d - a potion of might {@q3}
 h - a potion of resistance {unknown}
 j - a potion of heal wounds {unknown}
 k - 2 potions of cancellation {unknown}
 l - a potion of mutation {unknown}
 o - 2 potions of flight {unknown}


   Skills:
 + Level 4.1 Fighting
 * Level 5.9 Axes
 + Level 5.0 Armour
 + Level 5.0 Shields
 + Level 1.3 Invocations


You had 6 spell levels left.
You didn't know any spells.
Your spell library was empty.

Dungeon Overview and Level Annotations

Branches:
Dungeon (5/15)
 Temple: D:4-7

Altars:
Makhleb


Innate Abilities, Weirdness & Mutations

You are resistant to damage.
You can heal yourself by infusing magical energy.
You passively map a small area around you.
You do not regenerate.


Message History

You are more poisoned.
The killer bee poisons you! The killer bee stings you.
You are more poisoned.
The killer bee poisons you!
A killer bee comes into view.
You block the worker ant zombie's attack.
The killer bee stings you.
You are more poisoned.
The killer bee poisons you!
You barely miss the killer bee.
The killer bee is lightly wounded.
You hit the worker ant zombie. You miss the killer bee.
You closely miss the killer bee.
You feel very sick.
You block the killer bee's attack. x3; The worker ant zombie bites you.
You block the killer bee's attack. The killer bee barely misses you.
The killer bee stings you!
* * * LOW HITPOINT WARNING * * *
You are too injured to fight recklessly!
You are too injured to fight recklessly!
You are too injured to fight recklessly!
You are too injured to fight recklessly!
You are too injured to fight recklessly!
You are too injured to fight recklessly!
You are too injured to fight recklessly!
You are too injured to fight recklessly!
You are too injured to fight recklessly!
You are too injured to fight recklessly!
You are too injured to fight recklessly!
You feel much better.
You feel very sick. The killer bee stings you. The killer bee stings you!
The killer bee stings you. The worker ant zombie bites you.
The killer bee stings you.
You are more poisoned.
The killer bee poisons you! The killer bee stings you!
You are more poisoned.
The killer bee poisons you! You block the killer bee's attack.
You feel very sick. You block the killer bee's attack.
The killer bee stings you. You block the killer bee's attack.
You feel much better.
You feel very sick. You block the killer bee's attack.
The killer bee barely misses you. The killer bee stings you.
The worker ant zombie bites you. The killer bee stings you!
You block the killer bee's attack. The killer bee stings you.
Okay, then.
Your magical essence is drained by the effort!
You feel much better.
You feel very sick.
You block the killer bee's attack. x2; The killer bee stings you.
You block the killer bee's attack. The worker ant zombie bites you.
The killer bee stings you.
You are more poisoned.
The killer bee poisons you! The killer bee stings you.
You are more poisoned.
The killer bee poisons you! The killer bee stings you!
The killer bee barely misses you.
You feel much better.
You feel very sick. The killer bee stings you!
The killer bee barely misses you. You block the killer bee's attack.
The killer bee completely misses you. The worker ant zombie bites you.
The killer bee stings you!
You are more poisoned.
The killer bee poisons you! The killer bee barely misses you.
You block the killer bee's attack. The killer bee stings you!
You are more poisoned.
The killer bee poisons you!
You feel very sick. The killer bee stings you.
* * * LOW HITPOINT WARNING * * *
The killer bee stings you.
* * * LOW HITPOINT WARNING * * *
You are more poisoned.
The killer bee poisons you! The killer bee stings you!
* * * LOW HITPOINT WARNING * * *
You feel much better.
You feel very sick.
You block the killer bee's attack. x3; The killer bee stings you! x2
* * * LOW HITPOINT WARNING * * *
You are more poisoned.
The killer bee poisons you! The killer bee closely misses you.
* * * LOW HITPOINT WARNING * * *
You feel very sick.
You block the killer bee's attack. x2; The killer bee stings you.
* * * LOW HITPOINT WARNING * * *
The killer bee barely misses you.
Your magical essence is drained by the effort!
You feel much better.
* * * LOW HITPOINT WARNING * * *
You feel very sick. The killer bee stings you!
* * * LOW HITPOINT WARNING * * *
You are more poisoned.
The killer bee poisons you! You block the killer bee's attack.
The killer bee stings you.
* * * LOW HITPOINT WARNING * * *
The killer bee stings you!
You die...

..#.#........#...
##.##
*........##..#.....
#..#
........##..###..#
.#... ........#...#
.. #..##
##.>......###*
*##.#. #.......###
, ##.... #.......##
##. #......
#...>y...##....
....... * *
##...Zy@.....#,*
#.....# ,
#.....yy.....#
#.#.#.#
**#...........###
#.#.##
#.............# . ,
,
#............>.....
. ,
..........?.....#..
,. * ,
.............####..
.. ...............
, .#
................ ,
,*


You could see 4 killer bees and a worker ant zombie.

Vanquished Creatures
  Menkaure (D:4)
  An ogre (D:4)
  2 scorpions
  A jelly (D:5)
  A hound (D:4)
  2 orc wizards (D:5)
  Terence (D:3)
  6 worker ants
  A hound skeleton (D:5)
  A howler monkey skeleton (D:4)
  3 adders
  An adder skeleton (D:4)
  2 worms (D:2)
  A dart slug (D:4)
  An orc (D:5)
  3 ball pythons (D:2)
  A bat (D:3)
  4 giant cockroaches
  A goblin (D:1)
  A hobgoblin (D:2)
  3 kobolds
  4 frilled lizards
  A giant cockroach zombie (D:4)
  A leopard gecko skeleton (D:4)
  5 rats
49 creatures vanquished.

Notes
Turn   | Place    | Note
-------+----------+-------------------------------------------
     0 | D:1      | EnegeticOcto the Deep Dwarf Fighter began the quest for the
                  | Orb.
     0 | D:1      | Reached XP level 1. HP: 20/20 MP: 1/1
   103 | D:2      | Reached XP level 2. HP: 18/27 MP: 2/2
   332 | D:2      | Reached XP level 3. HP: 30/34 MP: 3/3
   489 | D:3      | Noticed Terence
   495 | D:3      | Killed Terence
   495 | D:3      | Reached XP level 4. HP: 37/42 MP: 4/4
   569 | D:4      | Noticed Menkaure
   578 | D:4      | Killed Menkaure
   578 | D:4      | Reached XP level 5. HP: 28/49 MP: 5/5
   606 | D:4      | Noticed an ogre
   615 | D:4      | Killed an ogre
   615 | D:4      | Reached XP level 6. HP: 46/57 MP: 6/6
   617 | D:4      | Reached skill level 5 in Axes
   673 | D:4      | Found a burning altar of Makhleb.
   843 | D:4      | Became a worshipper of Makhleb the Destroyer
  1056 | D:5      | Entered Level 5 of the Dungeon
  1061 | D:5      | Reached XP level 7. HP: 40/64 MP: 7/7
  1087 | D:5      | Reached skill level 5 in Shields
  1087 | D:5      | Reached skill level 1 in Invocations
  1155 | D:5      | Reached skill level 5 in Armour
  1179 | D:5      | Slain by a killer bee

Illustrated notes

Levels and vault maps discovered:
D:1:      psy_arrival_fountain, layout_loops_ring, minivault_19,
          minmay_octomino_e4
D:2:      layout_loops_corners, zin_scriptorium, nicolae_overflow_hidden_temple
D:3:      layout_basic, nemelex_spade_bored_becter, uniq_terence
D:4:      layout_cave_pools, bloody_makhleb, uniq_menkaure
D:5:      layout_cave_pools

Skill      XL: |  1  2  3  4  5  6  7 |
---------------+----------------------+-----
Fighting       | 3 4 |  4.1
Axes           | 3 4 5 |  5.9
Armour         | 4 5 |  5.0
Shields        | 4 5 |  5.0
Invocations    | 1 |  1.3

Action                   |  1- 3 |  4- 6 |  7- 9 || total
-------------------------+-------+-------+-------++-------
Melee: War axe           |    63 |    70 |    30 ||   163
 Abil: Heal Wounds       |     1 |     2 |     8 ||    11
Armor: Scale mail        |    24 |    25 |    10 ||    59
Dodge: Dodged            |    24 |    23 |    12 ||    59
Block: Kite shield       |    33 |    32 |    41 ||   106

Table legend: (Time is in decaauts)
 A = Elapsed time spent in this place.
 B = Non-inter-level travel time spent in this place.
 C = Inter-level travel time spent in this place.
 D = Time resting spent in this place.
 E = Time spent auto-exploring this place.
 F = Levels seen in this place.
 G = Mean time per level.
                   A        B        C        D        E       F      G
               +--------+--------+--------+--------+--------+-----+--------+
         Total |   1239 |   1156 |     83 |      0 |    773 |   5 |  247.8 |
       Dungeon |   1239 |   1156 |     83 |      0 |    773 |   5 |  247.8 |
               +--------+--------+--------+--------+--------+-----+--------+

Top non-repeatable levels by time:
     D:4: 508 daAuts
     D:2: 270 daAuts
     D:3: 238 daAuts
     D:5: 132 daAuts
     D:1: 89 daAuts
